 Dungeon Crawl Stone Soup version 0.22-a0-223-g0f5d773 (webtiles) character file.

35 vishdafish the Slasher (level 3, 0/27 HPs)
             Began as a Demonspawn Gladiator on Feb 18, 2018.
             Slain by a sky beast (4 damage)
             ... on level 2 of the Dungeon.
             The game lasted 00:02:51 (1502 turns).

vishdafish the Slasher (Demonspawn Gladiator)       Turns: 1502, Time: 00:02:52

Health: 0/27       AC:  4    Str: 14 (15) XL:     3   Next: 16%
Magic:  3/3        EV: 18    Int:  8 (9)  God:
Gold:   106        SH:  4    Dex: 19      Spells: 2/2 levels left

rFire    . . .     SeeInvis .   a - +0 long sword
rCold    + . .     Gourm    .   (no shield)
rNeg     . . .     Faith    .   b - +0 leather armour
rPois    .         Spirit   .   c - +0 helmet
rElec    .         Reflect  +   (no cloak)
rCorr    .         Harm     .   (no gloves)
MR       .....                  (no boots)
Stlth    ++........             m - +4 amulet of reflection
HPRegen  0.09/turn              j - ring of protection from cold
MPRegen  0.08/turn              s - ring of wizardry

@: agile, flying (expiring)
A: talons 1, blurry vision 1, deterioration 2, powered by death 1
a: no special abilities


You were on level 2 of the Dungeon.
You were not hungry.

You visited 1 branch of the dungeon, and saw 3 of its levels.

You collected 106 gold pieces.

Inventory:

Hand Weapons
 a - a +0 long sword (weapon)
 r - a +0 hand crossbow
Missiles
 o - 43 bolts
Armour
 b - a +0 leather armour (worn)
 c - a +0 helmet (worn)
Jewellery
 j - a ring of protection from cold (left hand)
 m - a +4 amulet of reflection (around neck)
 s - a ring of wizardry (right hand)
Wands
 t - a wand of disintegration (11)
Scrolls
 e - a scroll of remove curse
 g - 2 scrolls of immolation {unknown}
 i - 2 scrolls of fear {unknown}
 k - 3 scrolls of identify {unknown}
 n - a scroll of enchant armour {unknown}
Potions
 l - a potion of flight
 p - a potion of agility
Comestibles
 f - 10 rations


   Skills:
 + Level 2.2 Fighting
 * Level 3.1 Long Blades
 - Level 2.1 Throwing
 + Level 0.6 Armour
 + Level 3.0 Dodging
 * Level 0.3 Evocations


You had 2 spell levels left.
You didn't know any spells.

Dungeon Overview and Level Annotations

Branches:
Dungeon (3/15)

Altars:


Innate Abilities, Weirdness & Mutations

You regenerate a little health from kills.
You have sharp toenails.
Scrolls take you a little longer to read.
Your body often deteriorates upon taking damage.


Message History

Your kick misses the sky beast.
You fly upwards.
There is a stone staircase leading down here.
Okay, then.
Really read with blurry vision while enemies are nearby?
You begin reading the scroll.
You continue reading the scroll.
The sky beast barely misses you.
You riposte.
You hit the sky beast but do no damage.
As you read the scroll labeled PIB HEUMIR, it crumbles to dust.
You feel blessed for a moment.
It was a scroll of remove curse.
Really read with blurry vision while enemies are nearby?
The sky beast flickers out of sight!
Deactivating autopickup; reactivate with Ctrl-A.
Something hits you but does no damage.
You begin reading the scroll.
You continue reading the scroll.
You are starting to lose your buoyancy.
A sky beast appears from thin air!
Reactivating autopickup.
The sky beast hits you.
You die...

######## #......# #......##
####.(.....#####
####......#...รท...##
##....####.##.####..###
###..#####...##.#..##...#
....####...####.@..####.#######
######...#######.Y.####.......#
######.###....>......########.##
##......##........##..## #..##
##......##........###..## ##..#
..............#.### ##..# #####.#
......#...........#####.# #<.....
##.#...##...............###......
..................#####..........


You could see a sky beast.

Vanquished Creatures
  An adder (D:2)
  A worm (D:2)
  2 orcs (D:3)
  2 hobgoblins (D:2)
  4 jackals (D:2)
  A kobold (D:1)
  5 bats
  A frilled lizard (D:1)
  5 rats
22 creatures vanquished.

Notes
Turn   | Place    | Note
-------+----------+-------------------------------------------
     0 | D:1      | vishdafish the Demonspawn Gladiator began the quest for the Orb.
     0 | D:1      | Reached XP level 1. HP: 16/16 MP: 1/1
   969 | D:2      | Gained mutation: You regenerate a little health from kills. [demonic ancestry]
   969 | D:2      | Reached XP level 2. HP: 22/22 MP: 2/2
  1239 | D:2      | Reached XP level 3. HP: 16/27 MP: 3/3
  1436 | D:3      | Noticed a sky beast
  1471 | D:3      | Gained mutation: Your body sometimes deteriorates upon taking damage. [potion of mutation]
  1471 | D:3      | Gained mutation: Scrolls take you a little longer to read. [potion of mutation]
  1471 | D:3      | Gained mutation: Your body often deteriorates upon taking damage. [potion of mutation]
  1471 | D:3      | Gained mutation: You have sharp toenails. [potion of mutation]
  1502 | D:2      | Slain by a sky beast

Vault maps used:
D:1:      ncdulo_smallfort
D:2:      first_ration
D:3:      overflow_temple_1_default, overflow_temple_1_default, uniq_natasha

Skill      XL: |  1  2  3 |
---------------+----------+-----
Throwing       | 2 |  2.1
Long Blades    | 3 |  3.1
Dodging        | 3 |  3.0
Fighting       | |  2.2
Armour         | |  0.6
Evocations     | |  0.3

Action                   || total
-------------------------++-------
Melee: Long sword        ||    59
Throw: Throwing net      ||     5
  Use: Potion            ||     4
       Scroll            ||     1
  Eat: Chunk             ||     2
Armor: Leather armour    ||    15
Dodge: Dodged            ||    41
Block: Other             ||    14
       Rpst.: Long sword ||    18

Table legend:
 A = Spawn XP
 B = Non-spawn XP
 C = Spawn XP percentage of total XP
 D = Spawn monster count
 E = Non-spawn monster count
 F = Spawn count percentage of total count
 G = Total turns spent on level
                    A         B        C        D         E        F      G
               +---------+---------+-------+---------+---------+-------+---------
         Total |       0 |      50 |   0.0 |       0 |      22 |   0.0 |  1502
               +---------+---------+-------+---------+---------+-------+---------
           D:1 |       0 |       8 |   0.0 |       0 |       7 |   0.0 |   933
           D:2 |       0 |      34 |   0.0 |       0 |      12 |   0.0 |   448
           D:3 |       0 |       8 |   0.0 |       0 |       3 |   0.0 |   121
               +---------+---------+-------+---------+---------+-------+---------
